[Event "Team 45 45 League T95"]
[Site "Internet Chess Club"]
[Date "2023.01.29"]
[Round "3"]
[White "Fulmar"]
[Black "pandaknight"]
[Result "0-1"]
[WhiteElo "1243"]
[BlackElo "1214"]
[Opening "Caro-Kann defense"]
[ECO "B10"]
[Time "12:00:55"]
[PlyCount "76"]
[TimeControl "2700+45"]

1. e4 c6 2. Nf3 d5 3. exd5 cxd5 4. Ne5 Nc6 5. d4 Bf5 6. f4 Nf6 7. Bd3 Nxd4 8. c3
Bxd3 9. Qxd3 Nc6 10. Nd2 e6 11. O-O Bc5+ 12. Kh1 O-O 13. b4 Bd6 14. Nxc6 bxc6
15. Qa6 Qb6 16. Qxb6 axb6 17. g3 Ra7 18. Re1 Rfa8 19. a3 Re7 20. Nf3 Rea7 21.
Ne5 c5 22. Bb2 Ne4 23. c4 cxb4 24. cxd5 bxa3 25. Bd4 exd5 26. Bxb6 Rb7 27. Bd4
Ra4 28. Bg1 f6 29. Nf3 Rb2 30. Bd4 Rxd4 31. Nxd4 Nf2+ 32. Kg1 Nh3+ 33. Kh1 Bc5
34. Ne6 Nf2+ 35. Kg1 Nd3+ 36. Kh1 Nxe1 37. Rxe1 Bb4 38. Nd8 Bxe1 {White resigns}
0-1

[Event "Team 45 45 League T95"]
[Site "Internet Chess Club"]
[Date "2023.01.26"]
[Round "3"]
[White "fhunfi"]
[Black "Lawkeito"]
[Result "1-0"]
[WhiteElo "1723"]
[BlackElo "1636"]
[Opening "Ruy Lopez: Treybal (Bayreuth) variation (exchange var. deferred)"]
[ECO "C77"]
[Time "19:37:50"]
[PlyCount "147"]
[TimeControl "2700+45"]

1. e4 e5 2. Nf3 Nc6 3. Bb5 a6 4. Ba4 Nf6 5. Bxc6 dxc6 6. d3 Qd6 7. Nbd2 Nd7 8.
Nc4 Qe6 9. Qe2 Be7 10. Ne3 g6 11. Bd2 Bf6 12. Nf1 Qe7 13. O-O-O Nb6 14. Kb1 Bg4
15. h3 Bxf3 16. Qxf3 O-O-O 17. Be3 Rd7 18. Bxb6 cxb6 19. Ne3 Kb8 20. Nc4 Ka7 21.
Qe3 Qd8 22. a4 Bg5 23. Qe2 Qc7 24. h4 Be7 25. g3 Bc5 26. c3 b5 27. axb5 cxb5 28.
Ne3 Bxe3 29. Qxe3+ Qb6 30. Qxb6+ Kxb6 31. f4 f6 32. fxe5 fxe5 33. Rhf1 Rhd8 34.
Kc2 a5 35. Rf6+ Rd6 36. Rdf1 h5 37. Rxd6+ Rxd6 38. Rf7 Re6 39. Kd2 b4 40. cxb4
axb4 41. Kc2 Rc6+ 42. Kb3 Rd6 43. Kxb4 Rxd3 44. Rf6+ Kc7 45. Rxg6 Re3 46. Rg5
Kd6 47. Rxh5 Rxg3 48. Rh6+ Kd7 49. Rh7+ Kc6 50. Re7 Rg4 51. Rxe5 Rxh4 52. Kc3
Rh3+ 53. Kb4 Rh4 54. Rc5+ Kd6 55. Rc4 Rh5 56. Kc3 Rb5 57. b4 Re5 58. Kd4 Rb5 59.
Kc3 Re5 60. Rd4+ Kc7 61. Kd3 Re6 62. Ke3 Rf6 63. e5 Rf8 64. Ke4 Rh8 65. e6 Rh4+
66. Ke5 Rh5+ 67. Kf6 Rh6+ 68. Kf7 Rh7+ 69. Kg6 Rh1 70. e7 Re1 71. Kf7 Rf1+ 72.
Ke8 Rg1 73. Rc4+ Kd6 74. Kd8 {Black resigns} 1-0

[Event "Team 45 45 League T95"]
[Site "Internet Chess Club"]
[Date "2023.01.27"]
[Round "3"]
[White "manfredo"]
[Black "fireball"]
[Result "0-1"]
[WhiteElo "1484"]
[BlackElo "1555"]
[Opening "French: advance, Paulsen attack"]
[ECO "C02"]
[Time "17:31:42"]
[PlyCount "72"]
[TimeControl "2700+45"]

1. e4 e6 2. d4 d5 3. e5 c5 4. c3 Nc6 5. Nf3 Nge7 6. Na3 a6 7. Bd3 Ng6 8. Nc2 Be7
9. O-O Bd7 10. Re1 O-O 11. a3 c4 12. Be2 b5 13. Nb4 a5 14. Nxc6 Bxc6 15. Be3 b4
16. Qd2 Qb6 17. Bg5 Bxg5 18. Nxg5 Rfb8 19. Reb1 h6 20. Nf3 Ba4 21. Bd1 Bxd1 22.
Qxd1 Nf4 23. Ne1 bxc3 24. bxc3 Qc6 25. g3 Ng6 26. Qc2 a4 27. Ra2 Rb3 28. Nf3 Ne7
29. Nd2 Rb7 30. Rxb7 Qxb7 31. Rb2 Qa6 32. Qb1 Nc6 33. Rb6 Qc8 34. Qb5 Na5 35.
Qxa4 Nb3 36. Nxb3 Rxa4 {White resigns} 0-1

[Event "Team 45 45 League T95"]
[Site "Internet Chess Club"]
[Date "2023.01.29"]
[Round "3"]
[White "vollmerj"]
[Black "fvafier"]
[Result "1/2-1/2"]
[WhiteElo "1524"]
[BlackElo "1512"]
[Opening "Réti: King's Indian attack (Barcza system)"]
[ECO "A07"]
[Time "13:06:39"]
[PlyCount "56"]
[TimeControl "2700+45"]

1. Nf3 d5 2. g3 Nf6 3. Bg2 c6 4. O-O Bf5 5. d3 h6 6. b3 e6 7. Bb2 Be7 8. Nbd2
O-O 9. c4 Nbd7 10. cxd5 exd5 11. Re1 a5 12. Nd4 Bh7 13. e4 dxe4 14. Nxe4 Re8 15.
Rb1 Qc7 16. Nxf6+ Bxf6 17. Rxe8+ Rxe8 18. Nf3 Qd6 19. Bxf6 Nxf6 20. Ne1 Rd8 21.
Rb2 Qd4 22. Rd2 Ne4 23. Nf3 Nc3 24. Nxd4 Nxd1 25. Nxc6 Rxd3 26. Rxd3 Bxd3 27.
Ne5 Bb1 28. a4 Nc3 {Game drawn by mutual agreement} 1/2-1/2

[Event "Team 45 45 League T95"]
[Site "Internet Chess Club"]
[Date "2023.01.27"]
[Round "3"]
[White "Denis240964"]
[Black "smsxman"]
[Result "1-0"]
[WhiteElo "1327"]
[BlackElo "1291"]
[Opening "Polish (Sokolsky) opening"]
[ECO "A00"]
[Time "13:00:20"]
[PlyCount "67"]
[TimeControl "2700+45"]

1. b4 e6 2. Bb2 Nf6 3. Nf3 c5 4. bxc5 Bxc5 5. d4 Be7 6. c4 Nc6 7. Nc3 Bb4 8. e3
Ne4 9. Qc2 Nxc3 10. Bxc3 Qa5 11. Bxb4 Qxb4+ 12. Nd2 a6 13. Bd3 h6 14. O-O Qe7
15. a3 Rb8 16. d5 Ne5 17. f4 Nxd3 18. Qxd3 b5 19. Rab1 O-O 20. d6 Qf6 21. cxb5
axb5 22. Rxb5 Ba6 23. Rfb1 Bxb5 24. Rxb5 Rxb5 25. Qxb5 Qa1+ 26. Kf2 Qxa3 27.
Qxd7 Qa5 28. Ne4 Rd8 29. Qe7 Qa8 30. Nc5 Re8 31. Qc7 Rc8 32. Qb6 Qc6 33. d7 Qxc5
34. Qxc5 {Black resigns} 1-0

[Event "Team 45 45 League T95"]
[Site "Internet Chess Club"]
[Date "2023.01.29"]
[Round "3"]
[White "primerpaso"]
[Black "bobhill"]
[Result "0-1"]
[WhiteElo "1803"]
[BlackElo "1817"]
[Opening "English: symmetrical variation"]
[ECO "A38"]
[Time "14:04:20"]
[PlyCount "190"]
[TimeControl "2700+45"]

1. c4 c5 2. Nc3 Nc6 3. g3 g6 4. Bg2 Nf6 5. Nf3 Bg7 6. d4 cxd4 7. Nxd4 O-O 8. O-O
Nxd4 9. Qxd4 d6 10. Qh4 Rb8 11. Bg5 Be6 12. Nd5 Bxd5 13. cxd5 Qa5 14. Rfd1 Rbc8
15. Bd2 Qb5 16. Bc3 h5 17. Qd4 Qxe2 18. Re1 Qa6 19. Bf1 b5 20. Rxe7 Qb6 21. Rxa7
Qb8 22. Ra5 Rc5 23. Bg2 Ne8 24. Qb4 Bxc3 25. bxc3 Nf6 26. a4 Nxd5 27. Bxd5 Rxd5
28. Rxb5 Qa8 29. c4 Rd3 30. Rb7 Qc8 31. a5 h4 32. a6 h3 33. Qe1 Qxc4 34. Qf1 Qd5
35. Rbb1 Rd2 36. Qxh3 Qd4 37. Qg2 d5 38. a7 Ra8 39. Qf3 Rxa7 40. Rb8+ Kg7 41.
Rxa7 Qxa7 42. Qc3+ Qd4 43. Qxd4+ Rxd4 44. Kf1 Kf6 45. Ke2 Ra4 46. h4 Ke6 47. Ke3
Ra6 48. Rb4 f6 49. Rg4 Kf5 50. Rf4+ Ke5 51. Rg4 Ra3+ 52. Ke2 Kf5 53. Rf4+ Ke6
54. Rg4 Kf7 55. Rd4 Ra5 56. Kf3 f5 57. Kf4 Kf6 58. Rb4 Ra6 59. f3 Rc6 60. Rb3
Rc4+ 61. Ke3 Rc6 62. Ra3 Ke5 63. Rb3 Kd6 64. Kd3 Ra6 65. Ke3 Kc5 66. Rc3+ Kd6
67. Rb3 Ke5 68. Kd3 Rd6 69. Ke3 d4+ 70. Kd3 Rd5 71. Rb6 Ra5 72. Rxg6 Ra3+ 73.
Ke2 Re3+ 74. Kf2 Ra3 75. h5 Ra2+ 76. Ke1 Rh2 77. h6 d3 78. g4 f4 79. g5 Kd4 80.
Rd6+ Ke3 81. Re6+ Kxf3 82. Rd6 Ke3 83. Re6+ Kd4 84. Rd6+ Ke4 85. Re6+ Kd5 86.
Re7 Kd4 87. h7 f3 88. g6 f2+ 89. Kf1 d2 90. Rd7+ Ke3 91. Re7+ Kf3 92. Rf7+ Kg3
93. Rd7 Rh1+ 94. Ke2 f1=Q+ 95. Kxd2 Qd1+ {White resigns} 0-1

[Event "Team 45 45 League T95"]
[Site "Internet Chess Club"]
[Date "2023.01.30"]
[Round "3"]
[White "Beetlejuice"]
[Black "ElValero"]
[Result "0-1"]
[WhiteElo "1714"]
[BlackElo "1685"]
[Opening "French defense, Steiner variation"]
[ECO "A13"]
[Time "14:00:39"]
[PlyCount "26"]
[TimeControl "2700+45"]

1. c4 e6 2. e4 d5 3. cxd5 exd5 4. exd5 Nf6 5. Nc3 Nxd5 6. Bc4 c6 7. Qb3 Bd6 8.
Nxd5 cxd5 9. Bxd5 O-O 10. Ne2 Nc6 11. O-O Bg4 12. Bf3 Na5 13. Qd3 Bxh2+ {White
resigns} 0-1

[Event "Team 45 45 League T95"]
[Site "Internet Chess Club"]
[Date "2023.01.28"]
[Round "3"]
[White "Portola"]
[Black "discipulo"]
[Result "1-0"]
[WhiteElo "1762"]
[BlackElo "1713"]
[Opening "Colle system"]
[ECO "D02"]
[Time "17:00:49"]
[PlyCount "92"]
[TimeControl "2700+45"]

1. d4 Nf6 2. Nf3 d5 3. c3 c5 4. e3 e6 5. Bd3 Nc6 6. Nbd2 Qc7 7. O-O Be7 8. Qe2
O-O 9. e4 dxe4 10. Nxe4 cxd4 11. Nxd4 Nxd4 12. cxd4 Bd7 13. Be3 Bc6 14. Rfc1 Qa5
15. Nc3 a6 16. a3 Nd5 17. Nxd5 Qxd5 18. f3 Rac8 19. Rc3 Bg5 20. Rac1 Bxe3+ 21.
Qxe3 Rfd8 22. Be4 Qd7 23. Bxc6 bxc6 24. Rc4 h6 25. b4 Qd6 26. g3 Ra8 27. Qc3 Qd5
28. Re1 a5 29. Re5 axb4 30. Rxb4 Qd6 31. Rc5 Ra6 32. a4 Rda8 33. Qc4 Kf8 34. f4
Kg8 35. Kf2 Kf8 36. Kf3 Kg8 37. h3 g6 38. g4 Kg7 39. h4 f6 40. Qc2 R8a7 41. h5
f5 42. gxf5 gxf5 43. Qg2+ Kh8 44. Qc2 Rg7 45. Qc4 Rg4 46. Re5 Qd5+ {Black
resigns} 1-0

[Event "Team 45 45 League T95"]
[Site "Internet Chess Club"]
[Date "2023.01.28"]
[Round "3"]
[White "ivanson"]
[Black "QuieroAprender"]
[Result "0-1"]
[WhiteElo "1574"]
[BlackElo "1602"]
[Opening "Ruy Lopez: Cozio defense"]
[ECO "C60"]
[Time "17:12:08"]
[PlyCount "60"]
[TimeControl "2700+45"]

1. e4 e5 2. Nf3 Nc6 3. Bb5 Nge7 4. Nc3 Ng6 5. d4 Bb4 6. d5 Nce7 7. O-O O-O 8.
Ne2 c6 9. Bc4 d6 10. c3 Ba5 11. h3 b5 12. Bb3 cxd5 13. exd5 f5 14. Bg5 h6 15.
Bxe7 Qxe7 16. a4 bxa4 17. Bxa4 Bb6 18. c4 Bc5 19. Nc3 e4 20. Re1 Rb8 21. Rb1 Qf6
22. Nd4 Bxd4 23. Nb5 Bb6 24. b4 a6 25. Na3 Qh4 26. Qd2 f4 27. Bc2 e3 28. fxe3
Bxe3+ 29. Rxe3 fxe3 30. Qxe3 Ne5 {White resigns} 0-1

[Event "Team 45 45 League T95"]
[Site "Internet Chess Club"]
[Date "2023.01.31"]
[Round "3"]
[White "room-matt"]
[Black "fileman"]
[Result "0-1"]
[WhiteElo "1793"]
[BlackElo "1773"]
[Opening "Queen's pawn game"]
[ECO "A45"]
[Time "14:01:50"]
[PlyCount "92"]
[TimeControl "2700+45"]

1. d4 Nf6 2. Nc3 g6 3. Bg5 Bg7 4. Qd2 d6 5. O-O-O a6 6. h4 b5 7. Bh6 Bxh6 8.
Qxh6 Bb7 9. e3 Nbd7 10. Nf3 e6 11. Be2 Rg8 12. Qg5 h6 13. Qf4 Qe7 14. g4 h5 15.
gxh5 Nxh5 16. Qh2 Ndf6 17. Rhg1 Ne4 18. Nxe4 Bxe4 19. Nd2 Nf6 20. Nxe4 Nxe4 21.
Bf3 d5 22. Bxe4 dxe4 23. Qf4 f5 24. Qh6 Qf6 25. h5 Kf7 26. Rg5 Rg7 27. Rdg1 Rag8
28. Rxg6 Rxg6 29. Rxg6 Rxg6 30. hxg6+ Qxg6 31. Qf4 Qg1+ 32. Kd2 Kg6 33. b3 b4
34. Ke2 Qg4+ 35. Qxg4+ fxg4 36. Kd2 Kg5 37. c4 c6 38. Ke2 Kh4 39. Kf1 Kh3 40.
Kg1 g3 41. Kf1 Kh2 42. fxg3 Kxg3 43. Ke2 Kg2 44. Ke1 Kf3 45. Kd2 Kf2 46. c5 a5
{White resigns} 0-1

[Event "Team 45 45 League T95"]
[Site "Internet Chess Club"]
[Date "2023.01.27"]
[Round "3"]
[White "Redman1"]
[Black "Packerfan"]
[Result "0-1"]
[WhiteElo "1611"]
[BlackElo "1725"]
[Opening "English: four knights, kingside fianchetto"]
[ECO "A29"]
[Time "14:00:23"]
[PlyCount "114"]
[TimeControl "2700+45"]

1. c4 e5 2. Nc3 Nf6 3. Nf3 Nc6 4. g3 Be7 5. Bg2 O-O 6. O-O d6 7. d4 exd4 8. Nxd4
Nxd4 9. Qxd4 c6 10. b3 Be6 11. Bb2 Qd7 12. Rad1 Rfd8 13. Ne4 d5 14. Nc5 Qc7 15.
Nxe6 fxe6 16. cxd5 exd5 17. Qc3 Bf8 18. Qc2 Qe7 19. Rfe1 Re8 20. Rd3 Ne4 21. Re3
Qb4 22. Rd1 Bc5 23. Bxe4 dxe4 24. Rc3 Bb6 25. Rc4 Qf8 26. e3 Qf5 27. Bd4 Rad8
28. Bxb6 Rxd1+ 29. Qxd1 axb6 30. Rd4 Rf8 31. Qd2 h6 32. Rd7 Rf7 33. Rd8+ Kh7 34.
Re8 Rd7 35. Qc2 Kg6 36. Qe2 Qf3 37. Qxf3 exf3 38. h4 Rd1+ 39. Kh2 Rf1 40. Re7
Rxf2+ 41. Kh3 Rxa2 42. g4 Rb2 43. Kg3 Rxb3 44. Kxf3 c5 45. Rxb7 b5 46. Ke2 c4
47. Kd2 Rd3+ 48. Ke2 Rd5 49. Rc7 Kf6 50. h5 Rg5 51. Kf3 Ke6 52. e4 Kd6 53. Rc8
Rc5 54. Rd8+ Ke7 55. Ra8 c3 56. Ra1 c2 57. Rc1 Ke6 {White resigns} 0-1

[Event "Team 45 45 League T95"]
[Site "Internet Chess Club"]
[Date "2023.01.30"]
[Round "3"]
[White "RD1974"]
[Black "LoseOften"]
[Result "1-0"]
[WhiteElo "1600"]
[BlackElo "1536"]
[Opening "Dutch, 2.Bg5 variation"]
[ECO "A80"]
[Time "15:02:31"]
[PlyCount "41"]
[TimeControl "2700+45"]

1. d4 f5 2. Bg5 Nf6 3. Nc3 e6 4. e4 fxe4 5. Nxe4 Be7 6. Bd3 Nxe4 7. Bxe7 Nxf2 8.
Qh5+ Kxe7 9. Bxh7 Ne4 10. Qg6 d5 11. Qxg7+ Kd6 12. Qe5+ Kc6 13. Bxe4 Qh4+ 14.
Kd1 Qxe4 15. Qxh8 Qxg2 16. Qxc8 Qxh1 17. Qxe6+ Kb5 18. a4+ Ka5 19. b4+ Kxb4 20.
Rb1+ Kxa4 21. Qe3 {Black resigns} 1-0

[Event "Team 45 45 League T95"]
[Site "Internet Chess Club"]
[Date "2023.01.27"]
[Round "3"]
[White "Egmont"]
[Black "vollmerj"]
[Result "1-0"]
[WhiteElo "1602"]
[BlackElo "1525"]
[Opening "Benoni defense"]
[ECO "A56"]
[Time "05:51:52"]
[PlyCount "55"]
[TimeControl "2700+45"]

1. d4 Nf6 2. c4 c5 3. d5 g6 4. Nc3 Bg7 5. e4 d6 6. Nf3 O-O 7. Be2 e6 8. O-O exd5
9. exd5 Re8 10. h3 Nbd7 11. Bf4 Nb6 12. Rb1 a6 13. Bd3 Nh5 14. Bd2 Nd7 15. Re1
Rxe1+ 16. Qxe1 Ne5 17. Nxe5 Bxe5 18. Ne4 Bf5 19. g4 Bxe4 20. Bxe4 Ng7 21. f4
Bd4+ 22. Be3 Bxe3+ 23. Qxe3 Qh4 24. Bg2 Re8 25. Qf2 Qe7 26. Kf1 f5 27. Re1 Qe6
28. dxe6 {Black resigns} 1-0

[Event "Team 45 45 League T95"]
[Site "Internet Chess Club"]
[Date "2023.01.27"]
[Round "3"]
[White "trogers41"]
[Black "sdcohle"]
[Result "0-1"]
[WhiteElo "1338"]
[BlackElo "1340"]
[Opening "French: advance, Euwe variation"]
[ECO "C02"]
[Time "17:00:32"]
[PlyCount "100"]
[TimeControl "2700+45"]

1. e4 e6 2. d4 d5 3. e5 c5 4. c3 Nc6 5. Nf3 Bd7 6. Be2 f6 7. exf6 Nxf6 8. O-O
cxd4 9. cxd4 Be7 10. Nc3 O-O 11. Re1 a6 12. a3 Bd6 13. Bg5 Qc7 14. Rc1 Rf7 15.
Bh4 Qb8 16. Bg3 Bxg3 17. hxg3 Qd6 18. Na4 Ne7 19. Ne5 Bxa4 20. Qxa4 Rff8 21. Qb3
b5 22. Bf3 Qb6 23. Qb4 Nf5 24. Rc6 Qxd4 25. Qxd4 Nxd4 26. Rc7 Rfe8 27. Rec1
Nxf3+ 28. gxf3 d4 29. Kf1 Nd5 30. Rd7 Rac8 31. Rxc8 Rxc8 32. Nd3 Rc7 33. Rd6 a5
34. Rxe6 Kf7 35. Re5 Rd7 36. Ke2 b4 37. axb4 axb4 38. Nc5 Re7 39. Rxe7+ Nxe7 40.
Kd3 Nc6 41. Nb3 Ke6 42. Nxd4+ Kd5 43. Nxc6 Kxc6 44. Kc4 g5 45. Kxb4 h5 46. Kc4
h4 47. gxh4 gxh4 48. f4 h3 49. f5 h2 50. f6 h1=Q {White resigns} 0-1

[Event "Team 45 45 League T95"]
[Site "Internet Chess Club"]
[Date "2023.01.28"]
[Round "3"]
[White "Tjet"]
[Black "Fulmar"]
[Result "1/2-1/2"]
[WhiteElo "1234"]
[BlackElo "1262"]
[Opening "Réti opening"]
[ECO "A05"]
[Time "16:03:48"]
[PlyCount "45"]
[TimeControl "2700+45"]

1. Nf3 Nf6 2. g3 d5 3. Bg2 Bf5 4. d3 h6 5. O-O e6 6. c4 c6 7. cxd5 exd5 8. b3
Bd6 9. Bb2 O-O 10. Nbd2 Re8 11. Rc1 Qd7 12. Bxf6 gxf6 13. Re1 Na6 14. e4 dxe4
15. dxe4 Bg4 16. Nc4 Rad8 17. Nxd6 Qxd6 18. Qxd6 Rxd6 19. Nh4 Re5 20. f3 Bc8 21.
Red1 Rxd1+ 22. Rxd1 Re8 23. Bf1 {Game drawn by mutual agreement} 1/2-1/2

[Event "Team 45 45 League T95"]
[Site "Internet Chess Club"]
[Date "2023.01.30"]
[Round "3"]
[White "Reykjaviking"]
[Black "seattleblues"]
[Result "1/2-1/2"]
[WhiteElo "1297"]
[BlackElo "1243"]
[Opening "English opening"]
[ECO "A17"]
[Time "21:01:06"]
[PlyCount "80"]
[TimeControl "2700+45"]

1. c4 Nf6 2. Nc3 e6 3. Nf3 d5 4. cxd5 exd5 5. d4 Be7 6. Bf4 O-O 7. e3 Nbd7 8.
Bd3 c6 9. a3 Re8 10. Qc2 Nf8 11. h3 Bd6 12. Ne2 Qa5+ 13. Qd2 Qxd2+ 14. Nxd2 Bxf4
15. Nxf4 N8d7 16. O-O Nb6 17. b3 Bd7 18. g4 Rac8 19. Rac1 Na8 20. Be2 Nc7 21.
Kh2 Nb5 22. a4 Nd6 23. Bd3 Nde4 24. Nxe4 Nxe4 25. Rc2 Ng5 26. Kg3 h6 27. Re1 Re7
28. h4 Ne6 29. e4 Nxf4 30. Kxf4 Rce8 31. e5 g6 32. Kg3 Kg7 33. f4 f6 34. Rce2
fxe5 35. Rxe5 Rxe5 36. Rxe5 Rxe5 37. fxe5 Be6 38. g5 h5 39. b4 a6 40. a5 Kf7
{Game drawn by mutual agreement} 1/2-1/2

[Event "Team 45 45 League T95"]
[Site "Internet Chess Club"]
[Date "2023.01.29"]
[Round "3"]
[White "dwmt"]
[Black "woofgang"]
[Result "0-1"]
[WhiteElo "1088"]
[BlackElo "1147"]
[Opening "Queen's pawn game"]
[ECO "D04"]
[Time "18:05:32"]
[PlyCount "78"]
[TimeControl "2700+45"]

1. Nf3 d5 2. d4 Nf6 3. e3 Bf5 4. Nbd2 Nbd7 5. b3 e6 6. Bb2 Bd6 7. g3 c5 8. Bg2
O-O 9. O-O Re8 10. h3 e5 11. c3 e4 12. Ne1 Nf8 13. f4 Qd7 14. h4 Bh3 15. Kh2
Ng4+ 16. Kg1 Nxe3 17. Qe2 Nxf1 18. Qxf1 Bxg2 19. Qxg2 Ng6 20. Kh2 Qg4 21. Qh3
Qe2+ 22. Qg2 Qg4 23. Qh3 Qh5 24. g4 Bxf4+ 25. Kg2 Nxh4+ 26. Kf1 Qg5 27. Ndf3
exf3 28. Nxf3 Nxf3 29. Qxf3 Re3 30. Qg2 Rae8 31. Rd1 Bg3 32. Bc1 Qf6+ 33. Kg1
Re1+ 34. Rxe1 Rxe1+ 35. Qf1 Bf2+ 36. Kg2 Rxf1 37. g5 Rg1+ 38. Kh2 Qf3 39. Bf4
Qg2# {White checkmated} 0-1

[Event "Team 45 45 League T95"]
[Site "Internet Chess Club"]
[Date "2023.01.30"]
[Round "3"]
[White "Megasus"]
[Black "BlueStorm"]
[Result "1/2-1/2"]
[WhiteElo "1458"]
[BlackElo "1527"]
[Opening "Queen's pawn game"]
[ECO "D04"]
[Time "13:00:36"]
[PlyCount "61"]
[TimeControl "2700+45"]

1. Nf3 Nf6 2. d4 d5 3. e3 Bf5 4. c3 Nbd7 5. Qb3 Rb8 6. Nbd2 c6 7. a4 Qb6 8. a5
Qxb3 9. Nxb3 e6 10. Be2 Bd6 11. h3 h6 12. Nbd2 c5 13. b3 cxd4 14. exd4 O-O 15.
O-O Rfe8 16. Bb5 Re7 17. Ba3 Bxa3 18. Rxa3 a6 19. Be2 e5 20. dxe5 Nxe5 21. Nxe5
Rxe5 22. Bf3 Rbe8 23. c4 Be4 24. cxd5 Bxd5 25. Bxd5 Nxd5 26. Nc4 R5e6 27. Ra2 b5
28. axb6 Nxb6 29. Nxb6 Rxb6 30. Rb1 Reb8 31. b4 {Game drawn by mutual agreement}
1/2-1/2

[Event "Team 45 45 League T95"]
[Site "Internet Chess Club"]
[Date "2023.01.28"]
[Round "3"]
[White "BrerRabbit"]
[Black "ChessG2011"]
[Result "0-1"]
[WhiteElo "1337"]
[BlackElo "1398"]
[Opening "Neo-Grünfeld, 6.O-O"]
[ECO "D77"]
[Time "20:02:30"]
[PlyCount "108"]
[TimeControl "2700+45"]

1. d4 Nf6 2. Nf3 g6 3. g3 Bg7 4. Bg2 O-O 5. O-O d5 6. c4 Nc6 7. b3 Ne4 8. Bb2
Bg4 9. cxd5 Qxd5 10. Nfd2 Bf5 11. e3 Qe6 12. Nc3 Nxc3 13. Bxc3 Qd6 14. Nf3 Rfd8
15. Bb2 e5 16. dxe5 Nxe5 17. Qxd6 Nxf3+ 18. Bxf3 Rxd6 19. Bxg7 Kxg7 20. Bxb7
Rad8 21. Rac1 Rd2 22. f3 Rxa2 23. Rf2 Rxf2 24. Kxf2 Rd7 25. Ke2 Bd3+ 26. Kf2 Bb5
27. Rc3 c5 28. Be4 Rc7 29. Bd3 Bxd3 30. Rxd3 c4 31. Rc3 Kf6 32. Ke2 Rb7 33. bxc4
Rb2+ 34. Kd3 Rxh2 35. Ke4 Ra2 36. Rd3 Ra4 37. Kd5 Ke7 38. g4 Ra6 39. Rd4 Ra3 40.
Ke4 Ra5 41. Rd3 Ra6 42. Rd4 Rc6 43. Kd3 h5 44. gxh5 gxh5 45. Rh4 Rh6 46. Kd4 Kd6
47. Rh2 Kd7 48. e4 h4 49. Ke3 Kc6 50. Ra2 Kb7 51. f4 h3 52. Kf3 h2 53. Rb2+ Kc7
54. Kg3 h1=Q {White resigns} 0-1

[Event "Team 45 45 League T95"]
[Site "Internet Chess Club"]
[Date "2023.01.28"]
[Round "3"]
[White "Pawnchain"]
[Black "smsxman"]
[Result "1/2-1/2"]
[WhiteElo "1448"]
[BlackElo "1292"]
[Opening "French defense"]
[ECO "C00"]
[Time "09:01:50"]
[PlyCount "231"]
[TimeControl "2700+45"]

1. e4 e6 2. Nf3 Nc6 3. Bb5 Nge7 4. Nc3 a6 5. Ba4 b5 6. Bb3 g6 7. O-O Bg7 8. Re1
O-O 9. d4 Rb8 10. d5 Na5 11. dxe6 dxe6 12. Qe2 Nxb3 13. axb3 Bb7 14. Rd1 Qe8 15.
Bf4 Rc8 16. e5 Nd5 17. Nxd5 Bxd5 18. c4 Bc6 19. Rxa6 Rb8 20. Nd4 Bb7 21. Ra7
bxc4 22. bxc4 c5 23. Nb5 Qc6 24. f3 Rfd8 25. Rxd8+ Rxd8 26. Nd6 Rb8 27. h3 Qb6
28. Ra3 Bf8 29. Qd2 Rd8 30. Qc3 Bg7 31. Qa5 Qxa5 32. Rxa5 Bc6 33. Rxc5 Rxd6 34.
exd6 Bd4+ 35. Kf1 Bxc5 36. b3 Bb6 37. b4 Bd8 38. c5 Bd7 39. Ke2 Kg7 40. g4 Kf6
41. Ke3 e5 42. Bg3 Ke6 43. Kd3 Bb5+ 44. Ke4 Bc6+ 45. Kd3 Kd5 46. Bf2 f6 47. h4
Bb5+ 48. Kc3 f5 49. g5 e4 50. fxe4+ fxe4 51. Bd4 Ke6 52. Be3 Ke5 53. Bd4+ Kf4
54. Kd2 Bc6 55. Ke2 Kg4 56. Bf2 h6 57. gxh6 Bf6 58. h7 Kh5 59. Ke3 Kh6 60. h8=Q+
Bxh8 61. d7 Bf6 62. b5 Bxb5 63. Kxe4 Bxd7 64. Kf4 g5+ 65. hxg5+ Bxg5+ 66. Ke5
Be7 67. Be3+ Kg6 68. Kd5 Kf7 69. c6 Be6+ 70. Ke5 Bc8 71. c7 Ke8 72. Kd5 Kd7 73.
Bf4 Ba3 74. Kc4 Bb2 75. Kb5 Bf6 76. Kb6 Bd4+ 77. Kb5 Bb7 78. Kc4 Bb6 79. Kb5 Ba7
80. Ka5 Kc6 81. Ka4 Bc8 82. Ka5 Bb6+ 83. Kb4 Kb7 84. Kb5 Bd7+ 85. Kb4 Kc6 86.
Kc4 Be6+ 87. Kb4 Bc5+ 88. Kc3 Bc8 89. Kc4 Be7 90. Kd4 Ba3 91. Kc4 Be6+ 92. Kc3
Kb5 93. Bg3 Bb4+ 94. Kd4 Bc8 95. Kd5 Ba5 96. Kd6 Ka6 97. Kc6 Ka7 98. Bf2+ Ka8
99. Bb6 Bd2 100. Bf2 Bf4 101. Bb6 Be5 102. Bf2 Bf4 103. Bb6 Be5 104. Bf2 Bg4
105. Bb6 Bg3 106. Be3 Bc8 107. Bd4 Be1 108. Bc5 Bg3 109. Bd6 Be1 110. Bc5 Bd2
111. Bd6 Ka7 112. Bc5+ Ka6 113. Bd4 Bf4 114. Bc5 Ka5 115. Bd6 Ka6 116. Bxf4
{Game drawn by mutual agreement} 1/2-1/2

[Event "Team 45 45 League T95"]
[Site "Internet Chess Club"]
[Date "2023.01.27"]
[Round "3"]
[White "Ostap-Bender"]
[Black "Toalla"]
[Result "1-0"]
[WhiteElo "1210"]
[BlackElo "1145"]
[Opening "QGD: Marshall defense"]
[ECO "A50"]
[Time "16:00:57"]
[PlyCount "77"]
[TimeControl "2700+45"]

1. d4 Nf6 2. c4 d5 3. cxd5 Nxd5 4. e4 Nf6 5. Nc3 e6 6. a3 Be7 7. Nf3 h6 8. Bd3
O-O 9. O-O Re8 10. Bd2 Nbd7 11. Rc1 c6 12. b4 Nf8 13. e5 Nd5 14. Nxd5 cxd5 15.
Qc2 Bd7 16. Qc7 Qc8 17. Rc2 Ba4 18. Rc3 Bd7 19. Qxc8 Rexc8 20. Rfc1 Rxc3 21.
Rxc3 Rc8 22. Rxc8 Bxc8 23. Kf1 a6 24. a4 b6 25. b5 a5 26. Ke1 g5 27. g4 Nd7 28.
h4 gxh4 29. Bxh6 h3 30. Kf1 Nf8 31. Kg1 Ng6 32. Kh2 Kh7 33. Be3 Kg7 34. Kxh3 f6
35. exf6+ Bxf6 36. g5 e5+ 37. Kg3 Be7 38. dxe5 Nf8 39. Bxb6 {Black resigns} 1-0

[Event "Team 45 45 League T95"]
[Site "Internet Chess Club"]
[Date "2023.01.29"]
[Round "3"]
[White "scostanzo212"]
[Black "Portola"]
[Result "0-1"]
[WhiteElo "1534"]
[BlackElo "1769"]
[Opening "QGD: exchange, positional line"]
[ECO "D35"]
[Time "10:00:38"]
[PlyCount "26"]
[TimeControl "2700+45"]

1. d4 d5 2. c4 e6 3. Nc3 Nf6 4. cxd5 exd5 5. Bg5 Be7 6. Bxf6 Bxf6 7. e3 c6 8.
Bd3 O-O 9. b4 Qe7 10. Qb3 Bxd4 11. Nge2 Bf6 12. O-O Be6 13. Rac1 d4 {White
resigns} 0-1

[Event "Team 45 45 League T95"]
[Site "Internet Chess Club"]
[Date "2023.01.26"]
[Round "3"]
[White "rubo"]
[Black "Signofthetimes"]
[Result "1-0"]
[WhiteElo "1505"]
[BlackElo "1564"]
[Opening "Caro-Kann: advance variation"]
[ECO "B12"]
[Time "21:00:35"]
[PlyCount "83"]
[TimeControl "2700+45"]

1. d4 c6 2. e4 d5 3. e5 Qb6 4. c3 Bf5 5. Qb3 e6 6. Be3 Nd7 7. Nd2 Qxb3 8. axb3
a6 9. b4 Ne7 10. b5 a5 11. Ngf3 b6 12. bxc6 Nxc6 13. Bb5 Rc8 14. Nh4 Ne7 15. O-O
Bg6 16. Nxg6 hxg6 17. c4 Nf5 18. cxd5 exd5 19. Rfc1 Kd8 20. h3 Nxe3 21. fxe3 Bb4
22. Nf3 Ke7 23. Kf2 f6 24. Bc6 Ke6 25. Rc2 Rc7 26. Bxd5+ Kxd5 27. Rxc7 Rd8 28.
Rac1 fxe5 29. dxe5 Ke6 30. Rd1 Ke7 31. Ke2 Ke8 32. Rb7 Bc5 33. e6 Nf6 34. Rxd8+
Kxd8 35. Kd3 Ne8 36. Ne5 Bd6 37. Nf7+ Kc8 38. Nxd6+ Nxd6 39. Rxb6 Kc7 40. Ra6
Nb7 41. Ra7 Kb8 42. Rxb7+ {Black resigns} 1-0